 Dungeon Crawl Stone Soup version 0.21-a0-241-g2cbab09 (webtiles) character file.

800 tidbits the Insei (level 7, -4/51 HPs)
             Began as a Demigod Transmuter on Sept 3, 2017.
             Slain by an ice beast (13 damage)
             ... on level 5 of the Dungeon.
             The game lasted 00:12:45 (1717 turns).

tidbits the Insei (Demigod Transmuter)              Turns: 1717, Time: 00:12:46

Health: -4/51      AC:  2    Str: 15    XL:     7   Next: 32%
Magic:  1/13       EV: 19    Int: 21    God:
Gold:   141        SH:  0    Dex: 21    Spells: 4/10 levels left

rFire    . . .     SeeInvis .     - Unarmed
rCold    . . .     Gourm    .   (shield currently unavailable)
rNeg     + . .     Faith    .   (armour currently unavailable)
rPois    x         Spirit   .   (helmet currently unavailable)
rElec    .         Reflect  .   (cloak currently unavailable)
rCorr    .         Harm     .   (gloves currently unavailable)
MR       .....                  (boots currently unavailable)
Stlth    ++........             (no amulet)
HPRegen  0.17/turn              o - ring of positive energy
MPRegen  0.13/turn              u - +2 ring of strength

@: spider-form, very slightly contaminated
A: high mp 1
a: End Transformation


You were on level 5 of the Dungeon.
You were not hungry.
You were a venomous arachnid creature.
You visited 1 branch of the dungeon, and saw 6 of its levels.

You collected 141 gold pieces.

Inventory:

Hand Weapons
 h - a +0 scythe
 m - a +0 vampiric hand axe
   (You took it off an orc on level 5 of the Dungeon)
Missiles
 b - 28 arrows
 e - 30 bolts
Armour
 j - a +0 large shield
 B - a +0 robe (melded)
 F - a +0 pair of boots (melded)
 G - a +0 pair of gloves (melded)
Jewellery
 o - a ring of positive energy (left front leg)
   (You found it on level 2 of the Dungeon)
 q - an uncursed ring of magical power
   (You found it on level 3 of the Dungeon)
 u - a +2 ring of strength (right front leg)
   (You found it on level 5 of the Dungeon)
Wands
 a - a wand of digging (3/24)
 s - a wand of paralysis (11/24)
Scrolls
 f - a scroll of teleportation
 g - 2 scrolls of fog {unknown}
 n - 2 scrolls of random uselessness {unknown}
 r - a scroll of recharging {unknown}
Potions
 l - a potion of haste
 p - a potion of agility
 t - 2 potions of cancellation {unknown}
Books
 c - a book of Changes

   Spells                             Type                      Level
   a - Beastly Appendage              Transmutation                1
   b - Sticks to Snakes               Transmutation                2
   c - Spider Form                    Transmutation/Poison         3
   d - Ice Form                       Ice/Transmutation            4
   e - Blade Hands                    Transmutation                5
Comestibles
 d - 3 bread rations
 i - a royal jelly
 k - 2 fruits
 v - 2 chunks of flesh


   Skills:
 + Level 0.8 Fighting
 + Level 1.7 Dodging
 * Level 6.9 Unarmed Combat
 - Level 2.1 Spellcasting
 + Level 4.5 Transmutations


You had 4 spell levels left.
You knew the following spells:

 Your Spells              Type           Power        Failure   Level  Hunger
e - Beastly Appendage     Tmut           ###...       9%          1    #......
k - Sticks to Snakes      Tmut           ###.....     11%         2    ##.....
p - Spider Form           Tmut/Pois      ##........   36%         3    ###....


Dungeon Overview and Level Annotations

Branches:
Dungeon (6/15)
 Temple: D:4-7


Innate Abilities, Weirdness & Mutations

You have an increased reservoir of magic. (+10% MP)


Message History

A leopard gecko comes into view.
You see here 13 gold pieces.
You now have 141 gold pieces (gained 13).
Your transformation has ended.
Your +0 pair of gloves unmelds from your body.
Your +0 pair of boots unmelds from your body.
Your +0 robe unmelds from your body.
The helpless leopard gecko fails to defend itself.
You punch the leopard gecko!
You kill the leopard gecko!
You see here a leopard gecko corpse.
You butcher the leopard gecko corpse.
Things that are here:
2 chunks of flesh; a leopard gecko skeleton
v - 2 chunks of flesh You open the door.
An adder comes into view.
The adder hisses angrily.
There is an open door here.
Casting: Spider Form
Confirm with . or Enter, or press ? or * to list all spells.
You turn into a venomous arachnid creature.
Your +0 pair of gloves melds into your body.
Your +0 pair of boots melds into your body.
Your +0 robe melds into your body.
You bite the adder!
The adder is poisoned.
The adder is severely wounded.
You kill the adder!
You see here an adder corpse.
Your transformation is almost over.
You open the door.
There is an open door here.
Your transformation has ended.
Your +0 pair of gloves unmelds from your body.
Your +0 pair of boots unmelds from your body.
Your +0 robe unmelds from your body.
There is an open door here.
You see here 20 sling bullets.
Found a scroll labeled HUINAU OCRAU.
An ice beast comes into view.
Casting: Spider Form
Confirm with . or Enter, or press ? or * to list all spells.
You create a snake!
You now have 29 arrows.
Casting: Sticks to Snakes
Confirm with . or Enter, or press ? or * to list all spells.
You miscast Spider Form.
You are very lightly contaminated with residual magic.
Your hands glow momentarily.
The ice beast closely misses your ball python.
Casting: Spider Form
Confirm with . or Enter, or press ? or * to list all spells.
You miscast Spider Form.
Your vision is briefly tinged with green.
Your ball python bites the ice beast but does no damage.
The ice beast barely misses your ball python.
Casting: Spider Form
Confirm with . or Enter, or press ? or * to list all spells.
You turn into a venomous arachnid creature.
Your +0 pair of gloves melds into your body.
Your +0 pair of boots melds into your body.
Your +0 robe melds into your body.
Your ball python bites the ice beast but does no damage.
The ice beast closely misses your ball python.
Your ball python barely misses the ice beast.
The ice beast hits your ball python. The ice beast freezes your ball python!
Your ball python seems to slow down.
Your ball python dies!
Casting: Spider Form
Confirm with . or Enter, or press ? or * to list all spells.
You create a snake!
You now have 28 arrows.
Your ball python bites the ice beast but does no damage.
You hit the ice beast.
The ice beast is moderately wounded.
Your ball python bites the ice beast but does no damage.
The ice beast completely misses you.
You hit the ice beast.
The ice beast is moderately wounded.
Your ball python bites the ice beast.
The ice beast hits you. The ice beast freezes you!
You hit the ice beast.
The ice beast is moderately wounded.
Your ball python bites the ice beast but does no damage.
You hit the ice beast.
The ice beast is heavily wounded.
The ice beast hits you. The ice beast freezes you!
* * * LOW HITPOINT WARNING * * *
Your ball python bites the ice beast but does no damage.
You closely miss the ice beast.
The ice beast is heavily wounded.
The ice beast hits you.
* * * LOW HITPOINT WARNING * * *
The ice beast freezes you!
* * * LOW HITPOINT WARNING * * *
Your ball python closely misses the ice beast.
You hit the ice beast but do no damage.
The ice beast is heavily wounded.
The ice beast hits you.
* * * LOW HITPOINT WARNING * * *
The ice beast freezes you!
You die...

########## #........#
+........# #######
#........# #......
#...?....# ##.####
#........##########.# #
#......Y............# #
+......sS...........# #
#...................# #
#########...........# #
#...........# #
#...........####
#..............#
#........(......
########...............
#.
#........########......


You could see an ice beast and a friendly ball python.

Vanquished Creatures
  Sigmund (D:2)
  An ice beast (D:5)
  A scorpion (D:5)
  A howler monkey (D:4)
  A crimson imp (D:5)
  2 orc priests (D:4)
  3 hounds
  3 orc wizards
  2 worker ants (D:4)
  A hound zombie (D:5)
  3 gnolls
  5 adders
  A shadow imp (D:5)
  An ooze (D:1)
  2 worms (D:4)
  A dart slug (D:1)
  A leopard gecko (D:5)
  10 orcs
  3 giant cockroaches
  3 goblins
  4 quokkas
  2 bats
  A frilled lizard (D:5)
  A quokka skeleton (D:5)
  3 rats
57 creatures vanquished.

Notes
Turn   | Place    | Note
-------+----------+-------------------------------------------
     0 | D:1      | tidbits the Demigod Transmuter began the quest for the Orb.
     0 | D:1      | Reached XP level 1. HP: 15/15 MP: 5/5
    58 | D:1      | Reached skill level 2 in Spellcasting
   112 | D:1      | Reached skill level 3 in Unarmed Combat
   112 | D:1      | Reached XP level 2. HP: 12/22 MP: 5/7
   116 | D:1      | Learned a level 2 spell: Sticks to Snakes
   252 | D:2      | Reached skill level 2 in Transmutations
   275 | D:2      | Noticed Sigmund
   283 | D:2      | Killed Sigmund
   283 | D:2      | Reached skill level 4 in Unarmed Combat
   283 | D:2      | Reached skill level 3 in Transmutations
   283 | D:2      | Reached XP level 3. HP: 27/27 MP: 4/8
   283 | D:2      | Reached XP level 4. HP: 34/34 MP: 4/9
   283 | D:2      | Reached XP level 5. HP: 39/39 MP: 4/10
   354 | D:2      | Learned a level 3 spell: Spider Form
   616 | D:3      | Reached skill level 5 in Unarmed Combat
   742 | D:4      | Found a sacrificial altar of Ru.
   833 | D:4      | Reached XP level 6. HP: 46/46 MP: 12/12
   906 | D:4      | Found a white marble altar of Elyvilon.
  1134 | D:5      | Entered Level 5 of the Dungeon
  1151 | D:5      | Reached skill level 6 in Unarmed Combat
  1151 | D:5      | Reached skill level 4 in Transmutations
  1359 | D:5      | Reached XP level 7. HP: 37/51 MP: 10/13
  1717 | D:5      | Slain by an ice beast

Vault maps used:
D:1:      mrwooster_arrival_statue, st_stairs_13
D:2:      wad_woods_tower, first_bread, uniq_jessica, uniq_sigmund
D:4:      elyvilon_altar_4, nicolae_ru_sacrificial_ziggurat, serial_shops, shop,
          minmay_bent
D:6:      minmay_temple_entry_statues_pillars, serial_shops, nicolae_shop_trees,
          palyth_stone_intersect, uniq_menkaure

Skill      XL: |  1  2  3  4  5  6 |
---------------+-------------------+-----
Spellcasting   | 2 |  2.1
Unarmed Combat | 3 4 5 6 |  6.9
Transmutations | 3 4 |  4.5
Fighting       | |  0.8
Dodging        | |  1.7

Action                   |  1- 3 |  4- 6 |  7- 9 || total
-------------------------+-------+-------+-------++-------
Melee: Unarmed           |    24 |    99 |    48 ||   171
       Kick              |     4 |       |       ||     4
       Headbutt          |     2 |     1 |       ||     3
 Cast: Beastly Appendage |     9 |       |       ||     9
       Sticks to Snakes  |     2 |     7 |     5 ||    14
       Spider Form       |       |    17 |     9 ||    26
  Use: Potion            |     1 |     1 |       ||     2
       Scroll            |       |     5 |     1 ||     6
 Stab: Sleeping          |     1 |     3 |     1 ||     5
       Distracted        |     1 |     1 |     1 ||     3
  Eat: Chunk             |       |     4 |     1 ||     5
       Meat ration       |       |       |     1 ||     1
Armor: Robe              |     5 |     2 |     1 ||     8
       Skin              |       |     2 |     1 ||     3
Dodge: Dodged            |    11 |    67 |    23 ||   101

Table legend:
 A = Spawn XP
 B = Non-spawn XP
 C = Spawn XP percentage of total XP
 D = Spawn monster count
 E = Non-spawn monster count
 F = Spawn count percentage of total count
 G = Total turns spent on level
                    A         B        C        D         E        F      G
               +---------+---------+-------+---------+---------+-------+---------
         Total |      22 |    1121 |   1.9 |       1 |      56 |   1.8 |  1717
               +---------+---------+-------+---------+---------+-------+---------
           D:1 |       0 |      18 |   0.0 |       0 |       7 |   0.0 |   228
           D:2 |       0 |     291 |   0.0 |       0 |       9 |   0.0 |   256
           D:3 |       0 |      20 |   0.0 |       0 |       5 |   0.0 |   207
           D:4 |       0 |     322 |   0.0 |       0 |      16 |   0.0 |   493
           D:5 |      22 |     470 |   4.5 |       1 |      19 |   5.0 |   530
               +---------+---------+-------+---------+---------+-------+---------

Table legend:
 A = Turns spent in this place as a percentage of turns spent in the entire game.
 B = Non-inter-level travel turns spent in this place as a percentage of non-inter-level travel turns spent in the entire game.
 C = Inter-level travel turns spent in this place as a percentage of turns spent in this place.
 D = Turns resting spent in this place as a percentage of non-inter-level travel turns spent in this place.
 E = Turns spent auto-exploring this place as a percentage of non-inter-level travel turns spent in this place.
 F = Non-inter-level travel turns spent in this place divided by the number of levels of this place that you've seen.
                   A       B       C       D       E      F
               +-------+-------+-------+-------+-------+----------------------
         Total | 100.0 | 100.0 |   5.3 |   0.0 |   0.0 | 271.0
       Dungeon | 100.0 | 100.0 |   5.3 |   0.0 |   0.0 | 271.0
               +-------+-------+-------+-------+-------+----------------------

Table legend:
 A = Kills in this place as a percentage of kills in entire the game.
 B = Kills by you in this place as a percentage of kills by you in the entire game.
 C = Kills by friends in this place as a percentage of kills by friends in the entire game.
 D = Other kills in this place as a percentage of other kills in the entire game.
 E = Experience gained in this place as a percentage of experience gained in the entire game.
 F = Experience gained in this place divided by the number of levels of this place that you have seen.
                   A       B       C       D       E      F
               +-------+-------+-------+-------+-------+----------------------
         Total | 100.0 | 100.0 |   N/A |   N/A | 100.0 | 190.5
       Dungeon | 100.0 | 100.0 |   N/A |   N/A | 100.0 | 190.5
               +-------+-------+-------+-------+-------+----------------------

Vault maps used:
D:1:      mrwooster_arrival_statue, st_stairs_13
D:2:      wad_woods_tower, first_bread, uniq_jessica, uniq_sigmund
D:4:      elyvilon_altar_4, nicolae_ru_sacrificial_ziggurat, serial_shops, shop,
          minmay_bent
D:6:      minmay_temple_entry_statues_pillars, serial_shops, nicolae_shop_trees,
          palyth_stone_intersect, uniq_menkaure
